 Dungeon Crawl Stone Soup version 0.20-a0-1000-g0e8f6bb (console) character file.

162 vuev the Conjurer (level 5, -3/28 HPs)
             Began as a Deep Elf Conjurer on Apr 12, 2017.
             Slain by Rationalist's ghost (17 damage)
             ... on level 3 of the Dungeon.
             The game lasted 00:03:37 (2993 turns).

vuev the Conjurer (Deep Elf Conjurer)               Turns: 2993, Time: 00:03:38

Health: -3/28      AC:  2    Str:  5    XL:     5   Next: 19%
Magic:  2/13       EV: 13    Int: 21    God:
Gold:   205        SH:  0    Dex: 15    Spells: 9/12 levels left

rFire    . . .     SeeInvis .   (no weapon)
rCold    . . .     Gourm    .   (no shield)
rNeg     + . .     Faith    .   a - +0 robe
rPois    .         Spirit   .   (no helmet)
rElec    .         Reflect  .   (no cloak)
rCorr    .         Harm     .   (no gloves)
MR       .....                  (no boots)
Stlth    +.........             (no amulet)
Regen    0.1/turn               s - ring of loudness (curse)
MPRegen  0.2/turn               f - ring of positive energy

@: no status effects
A: no striking features
a: no special abilities


You were on level 3 of the Dungeon.
You were not hungry.

You visited 1 branch of the dungeon, and saw 3 of its levels.

You collected 205 gold pieces.

Inventory:

Armour
 a - a +0 robe (worn)
Jewellery
 f - a ring of positive energy (right hand)
 n - an uncursed ring of fire
 s - a cursed ring of loudness (left hand)
 t - an uncursed ring of positive energy
Scrolls
 d - a scroll of magic mapping
 g - a scroll of enchant weapon
 h - a scroll of identify
 m - a scroll of fear {unknown}
Potions
 e - 2 potions of heal wounds
 j - 2 potions of curing {unknown}
 l - a potion of haste {unknown}
 o - a potion of resistance {unknown}
 p - a potion of berserk rage {unknown}
Books
 b - a book of Conjurations

   Spells                             Type                      Level
   a - Magic Dart                     Conjuration                  1
   b - Searing Ray                    Conjuration                  2
   c - Dazzling Spray                 Conjuration/Hexes            3
   d - Fulminant Prism                Conjuration/Hexes            4
   e - Force Lance                    Conjuration/Translocation    4
   f - Iskenderun's Mystic Blast      Conjuration                  4
 k - a book of Cantrips

   Spells                             Type                      Level
   a - Confusing Touch                Hexes                        1
   b - Animate Skeleton               Necromancy                   1
   c - Summon Small Mammal            Summoning                    1
   d - Apportation                    Translocation                1
Comestibles
 c - a bread ration
 i - 4 meat rations
 q - 4 fruits
 r - a chunk of flesh


   Skills:
 + Level 3.2 Dodging
 - Level 2.4 Stealth
 + Level 4.4 Spellcasting
 + Level 6.2 Conjurations


You had 9 spell levels left.
You knew the following spells:

 Your Spells              Type           Power        Failure   Level  Hunger
a - Magic Dart            Conj           ####         1%          1    None
r - Searing Ray           Conj           ####..       1%          2    #......


Dungeon Overview and Level Annotations

Branches:
Dungeon (3/15)

Altars:
Dithmenos

Annotations:
D:3 Rationalist's ghost, amateur MiFi


Message History

Rationalist's ghost is heavily damaged.
Rationalist's ghost hits you!
Ouch! That really hurt!
The searing ray hits Rationalist's ghost.
Rationalist's ghost is heavily damaged.
Rationalist's ghost closely misses you.
The searing ray hits Rationalist's ghost.
Rationalist's ghost is severely damaged.
You finish channeling your searing ray.
Rationalist's ghost barely misses you.
Casting: Searing Ray
Confirm with . or Enter, or press ? or * to list all spells.
Aiming: Searing Ray
Press: ? - help, Shift-Dir - straight line, f/p - Rationalist's ghost
Aim: Rationalist's ghost (severely damaged)
The searing ray hits Rationalist's ghost.
Rationalist's ghost is severely damaged. (Press . to maintain the ray.) Rationalist's ghost hits you!
Ouch! That really hurt!
You die...

#. ######..... #.# #...
###### #.# #.# # #.. ..# #
#.# #.# # #.# #.##### # #.#
#.#...###########
#######.####.#..............
#.........W@.....###########
###.#####.##.#.#####
#.......#.##.#.#
..W..#####†..##.#.# ..##.
##...##.#.# . . ##..####.#.#
.. #........#.# ##
.###.#.#..###.#
.........####<#


You could see Rationalist's ghost.

Vanquished Creatures
  A bullfrog skeleton (D:3)
  An orc wizard (D:3)
  4 adders
  An ooze (D:2)
  A worm (D:2)
  2 dart slugs (D:2)
  3 leopard geckos
  5 orcs (D:3)
  A giant cockroach (D:3)
  4 goblins (D:2)
  3 hobgoblins
  2 jackals (D:1)
  A quokka (D:2)
  2 ball pythons
  6 bats
  9 frilled lizards
  8 kobolds
  A leopard gecko skeleton (D:3)
  5 rats
60 creatures vanquished.

Notes
Turn   | Place    | Note
-------+----------+-------------------------------------------
     0 | D:1      | vuev the Deep Elf Conjurer began the quest for the Orb.
     0 | D:1      | Reached XP level 1. HP: 10/10 MP: 6/6
   246 | D:1      | Reached XP level 2. HP: 15/15 MP: 4/8
   532 | D:1      | Learned a level 2 spell: Searing Ray
   545 | D:1      | Reached skill level 5 in Conjurations
  1317 | D:2      | Reached XP level 3. HP: 19/19 MP: 7/9
  2253 | D:2      | Reached XP level 4. HP: 24/24 MP: 6/11
  2304 | D:3      | Found a shadowy altar of Dithmenos.
  2593 | D:3      | Reached skill level 6 in Conjurations
  2679 | D:3      | Noticed Rationalist's ghost (amateur MiFi)
  2878 | D:3      | Reached XP level 5. HP: 28/28 MP: 8/13
  2993 | D:3      | Slain by Rationalist's ghost

Vault maps used:
D:1:      ncdulo_lavacross
D:2:      minmay_misc_feat_alley
D:3:      nicolae_overflow_crystal_walls, serial_glass, glass_columns_a,
          glass_columns_a, feat_on_display

Skill      XL: |  1  2  3  4 |
---------------+-------------+-----
Conjurations   | 5 6 |  6.2
Dodging        | 3 |  3.2
Spellcasting   | 4 |  4.4
Stealth        | |  2.4

Action                   |  1- 3 |  4- 6 || total
-------------------------+-------+-------++-------
 Cast: Magic Dart        |    53 |    12 ||    65
       Searing Ray       |    11 |    13 ||    24
  Use: Scroll            |     4 |       ||     4
       Potion            |       |     1 ||     1
  Eat: Chunk             |     4 |     3 ||     7
Dodge: Dodged            |     8 |     5 ||    13
